 Dungeon Sprint DCSS version 0.30-a0-34-gbe8da3892a (webtiles) character file.

Game seed: 1322201821712407343

14594 mhtbhm the Sorcerer (level 11, 0/44 HPs)
             Began as a Spriggan Earth Elementalist on Aug 28, 2022.
             Was the Champion of Vehumet.
             Slain by an eight-headed hydra (3 damage)
             ... in the Dungeon (Sprint III: "The Ten Rune Challenge").
             The game lasted 00:12:41 (3934 turns).

mhtbhm the Sorcerer (Spriggan Earth Elementalist)   Turns: 3934, Time: 00:12:43

Health: 0/44       AC:  4    Str:  8    XL:     11   Next: 90%
Magic:  40/40      EV: 19    Int: 20    God:    Vehumet [******]
Gold:   2677       SH:  0    Dex: 15    Spells: 27/58 levels left

rFire   + . .      SeeInvis +    (weapon restricted)
rCold   . . .      Faith    .    (no shield)
rNeg    . . .      Spirit   .    a - +2 robe
rPois   .          Reflect  .    (helmet restricted)
rElec   .          Harm     .    (no cloak)
rCorr   .          Rampage  .    (gloves unavailable)
Will    +....      NoTele   +    (boots unavailable)
Stlth   ++........               (no amulet)
HPRegen 0.14/turn                (no ring)
MPRegen 0.27/turn                (no ring)

@: slow
A: very small, no large weapons, unfitting armour, see invisible, speed 3, horns
1, fire resistance 1, frail 1, strong 1
a: Renounce Religion


You were in the Dungeon.
You worshipped Vehumet.
Vehumet was exalted by your worship.
You visited 1 branch You collected 2677 gold pieces.

Inventory:

Armour
 a - a +2 robe (worn)
Scrolls
 g - a scroll of blinking
 h - a scroll of torment
 i - 2 scrolls of identify
 k - a scroll of immolation
Potions
 b - 2 potions of magic
 f - a potion of berserk rage
 j - 2 potions of flight {unknown}
 l - 4 potions of mutation
 m - a potion of might
Miscellaneous
 n - a phial of floods


   Skills:
 + Level 1.1 Fighting
 + Level 5.0 Dodging
 + Level 8.3 Stealth
 + Level 24.2 Spellcasting
 + Level 3.5 Conjurations
 + Level 4.3 Hexes
 + Level 4.5 Transmutations
 + Level 18.3 Earth Magic


You had 27 spell levels left.
You knew the following spells:

 Your Spells              Type           Power      Damage    Failure   Level
a - Sandblast             Erth           100%       2d20      0%          1
b - Passwall              Tmut/Erth      52%        N/A       1%          2
c - Stone Arrow           Conj/Erth      100%       3d13      1%          3
d - Petrify               Tmut/Erth      63%        N/A       1%          4
e - Leda's Liquefaction   Hex/Erth       31%        N/A       1%          4
f - Lee's Rapid Deconstr  Erth           39%        3d20*     0%          5
g - Iskenderun's Battles  Conj           38%        2d9       3%          5
h - Spellforged Servitor  Conj/Summ      15%        N/A       82%         7

Your spell library contained the following spells:

 Spells                   Type           Power      Damage    Failure   Level
 Conjure Ball Lightning   Conj/Air       15%        3x3d6     30%         6
 Portal Projectile        Hex/Tloc       66%        N/A       1%          3
 Call Canine Familiar     Summ           24%        N/A       4%          3


Dungeon Overview and Level Annotations

Branches:
Dungeon (1/1)

Altars:
Cheibriados
Dithmenos
Elyvilon
Fedhas
Gozag
Hepliaklqana
Kikubaaqudgha
Makhleb
Nemelex Xobeh
Okawaru
Qazlal
Ru
Sif Muna
Trog
Uskayaw
Vehumet
Wu Jian
Xom
Yredelemnul
Zin
The Shining One
Jiyva
Lugonu

Shops:
D (?:[

Annotations:
D Xtahua


Innate Abilities, Weirdness & Mutations

You are very small and have problems with some larger weapons.
You are too small for most types of armour.
You have supernaturally acute eyesight. (SInv)
You cover ground extremely quickly. (Speed+++)
You have a pair of small horns on your head.
Your flesh is heat resistant. (rF+)
You are frail. (-10% HP)
Your muscles are strong. (Str +4, Int/Dex -1)


Message History

Okay, then.
Unknown command.
Really walk into that cloud of flame?
You are engulfed in blazing flames.
You resist.
There is an entrance to Urghaito's Magic Scroll Boutique here.
There is an entrance to Guiphin's Book Emporium here.
You enter the shallow water.
Moving in this stuff is going to be slow.
You start resting.
HP restored.
Unknown command.
You enter the shallow water.
Moving in this stuff is going to be slow.
Okay, then.
Okay, then.
You enter the shallow water.
Moving in this stuff is going to be slow.
An eight-headed hydra and Xtahua come into view.
Found a decaying rune of Zot.
The eight-headed hydra roars!
Xtahua breathes fire at you. The searing blast hits you!!! You resist.
Ouch! That really hurt!
* * * LOW HITPOINT WARNING * * *
You feel better.
The eight-headed hydra is engulfed in blazing flames.
You enter the shallow water.
Moving in this stuff is going to be slow.
Unknown command.
Really walk into a travel-excluded area?
There are monsters nearby!
Unknown command.
The eight-headed hydra attacks as you move away!
The eight-headed hydra bites you!
* * * LOW HITPOINT WARNING * * *
The eight-headed hydra completely misses you.
The eight-headed hydra bites you.
* * * LOW HITPOINT WARNING * * *
The eight-headed hydra bites you.
You die...

#.♣♣ #♣.♣
♣.♣♣ #####
♣♣.♣ ...φ#
♣.♣♣ ...D#
♣.♣♣ D...#
♣..♣♣#...#
♣♣.♣♣D####♣♣
♣♣.♣♣..D@.♣
♣♣..♣♣♣♣♣♣.♣
♣.PP§°.○°~.♣
♣..P.°°°°~~♣
♣.♣...°°°○.♣
♣♣♣♣♣♣♣♣°∩∩♣
♣♣♣♣♣


You could see Xtahua and an eight-headed hydra.

Vanquished Creatures
  Rupert (D)
  A deep elf annihilator (D)
  Erolcha (D)
  4 death yaks (D)
  An orc high priest (D)
  A deep elf knight (D)
  3 deep elf zephyrmancers (D)
  An orc sorcerer (D)
  2 deep elf pyromancers (D)
  2 black mambas (D)
  2 cane toads (D)
  A rime drake (D)
  A komodo dragon (D)
  3 wandering mushrooms (D)
  8 blink frogs (D)
  A shadow (D)
  2 redbacks (D)
  A spatial vortex (D)
  2 hell hounds (D)
  A swamp drake (D)
  5 two-headed ogres (D)
  A necrophage (D)
  A water elemental (D)
  4 orc priests (D)
  A jelly (D)
  A wizard (D)
  A necromancer (D)
  3 orc wizards (D)
  3 humans (D)
  A kobold demonologist (D)
  A phantom (D)
  9 orcs (D)
  2 endoplasms (D)
  2 rats (D)
74 creatures vanquished.

Vanquished Creatures (others)
  12 plants (D)
12 creatures vanquished.

Grand Total: 86 creatures vanquished

Notes
Turn   | Place    | Note
-------+----------+-------------------------------------------
     0 | D        | mhtbhm the Spriggan Earth Elementalist began the quest for
                  | the Orb.
     0 | D        | Reached XP level 1. HP: 9/9 MP: 5/5
     8 | D        | Reached skill level 3 in Spellcasting
    93 | D        | Reached XP level 2. HP: 13/13 MP: 1/7
   250 | D        | Learned a level 2 spell: Passwall
   272 | D        | Gained mutation: Your magical capacity is low. (-10% MP)
                  | [potion of mutation]
   272 | D        | Gained mutation: You are strong-willed. (Will+) [potion of
                  | mutation]
   273 | D        | Lost mutation: You are strong-willed. (Will+) [potion of
                  | mutation]
   273 | D        | Lost mutation: Your magical capacity is low. (-10% MP)
                  | [potion of mutation]
   273 | D        | Gained mutation: You have a pair of small horns on your
                  | head. [potion of mutation]
   273 | D        | Gained mutation: Your flesh is heat resistant. (rF+)
                  | [potion of mutation]
   273 | D        | Gained mutation: You are frail. (-10% HP) [potion of
                  | mutation]
   273 | D        | Gained mutation: Your muscles are strong. (Str +4, Int/Dex
                  | -1) [potion of mutation]
   346 | D        | Reached skill level 5 in Spellcasting
   575 | D        | Noticed a water elemental
   600 | D        | Killed a water elemental
   601 | D        | Reached skill level 7 in Spellcasting
   601 | D        | Reached skill level 5 in Earth Magic
   601 | D        | Reached XP level 3. HP: 3/14 MP: 4/12
   601 | D        | Reached XP level 4. HP: 3/18 MP: 4/14
   814 | D        | Learned a level 3 spell: Stone Arrow
   850 | D        | Learned a level 4 spell: Petrify
   875 | D        | Found a radiant altar of Vehumet.
   875 | D        | Found a shimmering blue altar of Sif Muna.
   875 | D        | Found an ancient bone altar of Kikubaaqudgha.
   875 | D        | Noticed a wizard
   877 | D        | Killed a wizard
   880 | D        | Reached skill level 5 in Stealth
   880 | D        | Reached skill level 8 in Spellcasting
   887 | D        | Became a worshipper of Vehumet
   994 | D        | Learned a level 4 spell: Leda's Liquefaction
  1004 | D        | Found a basalt altar of Yredelemnul.
  1004 | D        | Found a shadowy altar of Dithmenos.
  1004 | D        | Found a sacrificial altar of Ru.
  1004 | D        | Noticed a necrophage
  1009 | D        | Killed a necrophage
  1010 | D        | Reached skill level 9 in Spellcasting
  1010 | D        | Reached XP level 5. HP: 21/21 MP: 10/18
  1044 | D        | Found a glowing silver altar of Zin.
  1044 | D        | Found a glowing golden altar of the Shining One.
  1044 | D        | Found a white marble altar of Elyvilon.
  1044 | D        | Noticed a deep elf pyromancer
  1047 | D        | Killed a deep elf pyromancer
  1047 | D        | Reached * piety under Vehumet
  1047 | D        | Offered knowledge of Freeze by Vehumet.
  1048 | D        | Reached skill level 13 in Spellcasting
  1048 | D        | Reached skill level 10 in Earth Magic
  1048 | D        | Reached XP level 6. HP: 26/26 MP: 10/23
  1048 | D        | Reached XP level 7. HP: 28/28 MP: 10/24
  1125 | D        | Found a hide-covered altar of Uskayaw.
  1125 | D        | Found an iron altar of Okawaru.
  1125 | D        | Found a bloodstained altar of Trog.
  1125 | D        | Found an ornate altar of the Wu Jian Council.
  1125 | D        | Noticed a human
  1125 | D        | Noticed a human
  1161 | D        | Killed a human
  1178 | D        | Killed a human
  1179 | D        | Reached skill level 14 in Spellcasting
  1206 | D        | Noticed a shadow
  1207 | D        | Killed a shadow
  1207 | D        | Reached ** piety under Vehumet
  1208 | D        | Reached XP level 8. HP: 33/33 MP: 24/27
  1228 | D        | Found a blossoming altar of Fedhas.
  1228 | D        | Found a stormy altar of Qazlal.
  1228 | D        | Found a snail-covered altar of Cheibriados.
  1228 | D        | Found a burning altar of Makhleb.
  1228 | D        | Found a shimmering altar of Xom.
  1229 | D        | Found a hazy altar of Hepliaklqana.
  1229 | D        | Found an opulent altar of Gozag.
  1229 | D        | Found a sparkling altar of Nemelex Xobeh.
  1229 | D        | Found a corrupted altar of Lugonu.
  1229 | D        | Found a viscous altar of Jiyva.
  1262 | D        | Offered knowledge of Shock by Vehumet.
  1263 | D        | Reached skill level 15 in Spellcasting
  1265 | D        | Reached *** piety under Vehumet
  1316 | D        | Noticed a two-headed ogre
  1330 | D        | Killed a two-headed ogre
  1331 | D        | Reached skill level 16 in Spellcasting
  1516 | D        | Noticed a two-headed ogre
  1516 | D        | Noticed Erolcha
  1528 | D        | Killed Erolcha
  1528 | D        | Offered knowledge of Poisonous Vapours by Vehumet.
  1529 | D        | Reached skill level 17 in Spellcasting
  1529 | D        | Reached skill level 1 in Hexes
  1529 | D        | Reached XP level 9. HP: 11/36 MP: 25/31
  1566 | D        | Killed a two-headed ogre
  1566 | D        | Reached **** piety under Vehumet
  1795 | D        | Offered knowledge of Fulminant Prism by Vehumet.
  1798 | D        | Reached skill level 18 in Spellcasting
  1926 | D        | Noticed a wandering mushroom
  1932 | D        | Killed a wandering mushroom
  1932 | D        | Offered knowledge of Lee's Rapid Deconstruction by Vehumet.
  1933 | D        | Reached skill level 1 in Conjurations
  1934 | D        | Noticed a wandering mushroom
  1936 | D        | Noticed a wandering mushroom
  1944 | D        | Killed a wandering mushroom
  1949 | D        | Killed a wandering mushroom
  1949 | D        | Reached ***** piety under Vehumet
  1990 | D        | Noticed a cane toad
  1990 | D        | Noticed a komodo dragon
  1990 | D        | Noticed a cane toad
  2007 | D        | Killed a cane toad
  2012 | D        | Killed a cane toad
  2013 | D        | Reached skill level 19 in Spellcasting
  2013 | D        | Reached XP level 10. HP: 39/39 MP: 24/34
  2075 | D        | Learned a level 5 spell: Lee's Rapid Deconstruction
  2137 | D        | Noticed an orc high priest
  2137 | D        | Noticed an orc sorcerer
  2141 | D        | Offered knowledge of Hailstorm by Vehumet.
  2141 | D        | Killed an orc sorcerer
  2141 | D        | Reached ****** piety under Vehumet
  2141 | D        | Killed an orc high priest
  2142 | D        | Reached skill level 20 in Spellcasting
  2142 | D        | Reached skill level 15 in Earth Magic
  2272 | D        | Found Xadovud's Armour Shoppe.
  2391 | D        | Noticed a deep elf pyromancer
  2391 | D        | Noticed a deep elf zephyrmancer
  2391 | D        | Noticed a deep elf knight
  2391 | D        | Noticed a deep elf zephyrmancer
  2391 | D        | Noticed a deep elf zephyrmancer
  2405 | D        | Killed a deep elf knight
  2405 | D        | Killed a deep elf zephyrmancer
  2405 | D        | Offered knowledge of Iskenderun's Battlesphere by Vehumet.
  2405 | D        | Killed a deep elf zephyrmancer
  2406 | D        | Reached skill level 5 in Dodging
  2406 | D        | Reached skill level 21 in Spellcasting
  2406 | D        | Killed a deep elf pyromancer
  2409 | D        | Killed a deep elf zephyrmancer
  2450 | D        | Noticed a deep elf blademaster
  2454 | D        | Noticed a deep elf high priest
  2457 | D        | Noticed a deep elf annihilator
  2459 | D        | Noticed a deep elf annihilator
  2462 | D        | Killed a deep elf annihilator
  2463 | D        | Reached XP level 11. HP: 43/43 MP: 3/37
  2604 | D        | Learned a level 5 spell: Iskenderun's Battlesphere
  2604 | D        | Noticed a deep elf death mage
  2941 | D        | Reached skill level 22 in Spellcasting
  2945 | D        | Reached skill level 1 in Fighting
  3130 | D        | Offered knowledge of Spellforged Servitor by Vehumet.
  3181 | D        | Noticed Rupert
  3192 | D        | Noticed an azure jelly
  3192 | D        | Noticed an azure jelly
  3192 | D        | Noticed an azure jelly
  3192 | D        | Noticed an azure jelly
  3194 | D        | Killed Rupert
  3396 | D        | Learned a level 7 spell: Spellforged Servitor
  3409 | D        | Noticed a death yak
  3410 | D        | Noticed a death yak
  3411 | D        | Noticed a death yak
  3412 | D        | Reached skill level 23 in Spellcasting
  3413 | D        | Noticed a death yak
  3420 | D        | Killed a death yak
  3424 | D        | Killed a death yak
  3429 | D        | Killed a death yak
  3543 | D        | Killed a death yak
  3545 | D        | Offered knowledge of Conjure Ball Lightning by Vehumet.
  3546 | D        | Reached skill level 24 in Spellcasting
  3704 | D        | Found Taeckaff's Antique Weapon Shoppe.
  3704 | D        | Found Urghaito's Magic Scroll Boutique.
  3712 | D        | Found Guiphin's Book Emporium.
  3928 | D        | Noticed an eight-headed hydra
  3928 | D        | Noticed Xtahua
  3934 | D        | Slain by an eight-headed hydra

Illustrated notes

Levels and vault maps discovered:
D:        dungeon_sprint_mu [sprint_mu_entry_cave, sprint_mu_temple_rooms,
          sprint_mu_d1_spiders, sprint_mu_d2_genie, sprint_mu_d3_branching,
          sprint_mu_orc_legion, sprint_mu_elf_gauntlet, sprint_mu_hive_nellie,
          sprint_mu_lair_fedhas, sprint_mu_vaults_butterflies,
          sprint_mu_slime_circle, sprint_mu_swamp_cave, sprint_mu_snake_twists,
          sprint_mu_blade_basic, sprint_mu_crypt_chambers,
          sprint_mu_tomb_spiral, sprint_mu_vestibule_basic,
          sprint_mu_gehenna_hellfire, sprint_mu_dis_giant,
          sprint_mu_tartarus_statrot, sprint_mu_cocytus_islands, sprint_mu_zot1]

Skill      XL: |  1  2  3  4  5  6  7  8  9 10 11 |
---------------+----------------------------------+-----
Spellcasting   | 3 7 9 13 14 17 19 21 24 | 24.2
Earth Magic    | 3 5 7 10 11 13 14 16 18 | 18.3
Stealth        | 4 5 6 7 8 |  8.3
Dodging        | 3 4 5 |  5.0
Transmutations | 2 4 |  4.5
Hexes          | 1 2 3 4 |  4.3
Conjurations   | 1 2 3 |  3.5
Fighting       | 1 |  1.1

Action                   |  1- 3 |  4- 6 |  7- 9 | 10-12 || total
-------------------------+-------+-------+-------+-------++-------
Melee: Unarmed           |       |       |     1 |     6 ||     7
       Headbutt          |       |       |       |     3 ||     3
 Cast: Sandblast         |    26 |    13 |    47 |     6 ||    92
       Passwall          |     2 |       |       |       ||     2
       Leda's Liquefacti |       |       |     2 |     2 ||     4
       Stone Arrow       |       |       |     9 |    23 ||    32
       Lee's Rapid Decon |       |       |       |    33 ||    33
       Petrify           |       |       |       |     6 ||     6
       Iskenderun's Batt |       |       |       |     1 ||     1
  Use: Potion            |     3 |       |     3 |     1 ||     7
       Scroll            |       |       |       |     3 ||     3
Armor: Robe              |       |       |       |     1 ||     1
Dodge: Dodged            |     5 |     4 |    10 |     9 ||    28

Table legend: (Time is in decaauts)
 A = Elapsed time spent in this place.
 B = Non-inter-level travel time spent in this place.
 C = Inter-level travel time spent in this place.
 D = Time resting spent in this place.
 E = Time spent auto-exploring this place.
 F = Levels seen in this place.
 G = Mean time per level.
                   A        B        C        D        E       F      G
               +--------+--------+--------+--------+--------+-----+--------+
         Total |   3642 |   3642 |      0 |   2704 |     63 |   1 | 3642.0 |
       Dungeon |   3642 |   3642 |      0 |   2704 |     63 |   1 | 3642.0 |
               +--------+--------+--------+--------+--------+-----+--------+

Top non-repeatable levels by time:
       D: 3642 daAuts
